 Dungeon Crawl Stone Soup version 0.29-a0-557-g43b9904bd1 (webtiles) character file.

Game seed: 15906069430841991683

144 MylesGorder the Covered (level 5, -5/47 HPs)
             Began as a Minotaur Fighter on June 8, 2022.
             Slain by an iron imp (8 damage)
             ... on level 3 of the Dungeon.
             The game lasted 00:03:46 (2321 turns).

MylesGorder the Covered (Minotaur Fighter)          Turns: 2321, Time: 00:03:46

Health: -5/47      AC:  7    Str: 23    XL:     5   Next: 5%
Magic:  4/4        EV:  9    Int:  5    God:
Gold:   176        SH:  4    Dex:  9    Spells: 4/4 levels left

rFire   . . .      SeeInvis .   a - +0 war axe
rCold   . . .      Faith    .   c - +0 buckler
rNeg    . . .      Spirit   .   b - +0 scale mail
rPois   .          Reflect  .   (helmet restricted)
rElec   .          Harm     .   (no cloak)
rCorr   .          Rampage  .   (no gloves)
Will    .....                   (no boots)
Stlth   ..........              (no amulet)
HPRegen 0.15/turn               (no ring)
MPRegen 0.09/turn               (no ring)

@: no status effects
A: horns 2, retaliatory headbutt
a: no special abilities


You were on level 3 of the Dungeon.
You visited 1 branch of the dungeon, and saw 3 of its levels.

You collected 176 gold pieces.

Inventory:

Hand Weapons
 a - a +0 war axe (weapon)
Armour
 b - a +0 scale mail (worn)
 c - a +0 buckler (worn)
 n - the +2 leather armour of the Game of Life {Int+4 Dex-5 SInv}
   (You found it on level 2 of the Dungeon)

   Int:       It affects your intelligence (+4).
   Dex:       It affects your dexterity (-5).
   SInv:      It lets you see invisible.
Scrolls
 e - a scroll of fog {unknown}
 f - 2 scrolls of magic mapping {unknown}
 g - a scroll of fear {unknown}
 h - a scroll of blinking {unknown}
 i - a scroll of teleportation {unknown}
 j - 2 scrolls of noise {unknown}
 k - a scroll of poison {unknown}
 q - a scroll of identify {unknown}
 r - a scroll of torment {unknown}
Potions
 d - a potion of might
 l - a potion of heal wounds {unknown}
 m - a potion of ambrosia {unknown}
 o - a potion of resistance {unknown}
 p - 2 potions of magic {unknown}


   Skills:
 + Level 4.4 Fighting
 + Level 4.3 Axes
 + Level 4.7 Armour
 - Level 0.1 Stealth
 + Level 4.3 Shields


You had 4 spell levels left.
You didn't know any spells.
Your spell library contained the following spells:

 Spells                   Type           Power      Damage    Failure   Level
 Conjure Flame            Conj/Fire      0%         6-21      99%         3
 Ignite Poison            Fire/Tmut/Pois 0%         N/A       99%         3
 Sticky Flame             Conj/Fire      0%         2d3       100%        4


Dungeon Overview and Level Annotations

Branches:
Dungeon (3/15)

Altars:
Makhleb

Shops:
D:2 *


Innate Abilities, Weirdness & Mutations

You have a pair of horns on your head.
You reflexively headbutt those who attack you in melee.


Message History

The iron imp completely misses you.
You barely miss the iron imp.
The iron imp is heavily wounded.
You hit the iron imp.
The iron imp hits you but does no damage.
The iron imp barely misses you.
You slash the iron imp!
You kill the iron imp!
You slash the iron imp! The iron imp hits you. x2
Your Axes skill increases to level 4!
You hit the iron imp.
The iron imp is lightly wounded.
You barely miss the iron imp. You block the iron imp's attack. x2
You barely miss the iron imp.
The iron imp is lightly wounded.
You closely miss the iron imp. You block the iron imp's attack.
The iron imp hits you.
You hit the iron imp.
The iron imp is moderately wounded.
You hit the iron imp.
The iron imp hits you but does no damage. x2
You closely miss the iron imp.
The iron imp is moderately wounded.
You hit the iron imp but do no damage. You block the iron imp's attack.
The iron imp hits you. The iron imp barely misses you.
You barely miss the iron imp. Your headbutt misses the iron imp.
The iron imp is moderately wounded.
You hit the iron imp.
You kill the iron imp!
The iron imp hits you!
* * * LOW HITPOINT WARNING * * *
You have reached level 5!
You barely miss the iron imp.
The iron imp is moderately wounded.
The iron imp hits you!
* * * LOW HITPOINT WARNING * * *
You slash the iron imp!
The iron imp is almost dead.
The iron imp hits you!
You die...

.......#.....#....#)...#..#
..#.##.......#....#.#..#..#
..#.##.......#....#.#.##..#
..#.....#######.#........##
..##..... #.#.#....###
..##.###.# #.#.#.##.# ..##.
.# #.##.# ..##
###############.# ..#
#........@5?.##'######
..##+###.......§≈§≈.#.......#
..#)..........§§§§≈.#....##.#
###...........§≈§...#.......#
.............≈§§....#.....###
###..........≈≈.....#.....#
#.###.....≈8..._..#####.#
###.# #......≈≈.....#####'##
....# #......≈≈....?#......#


You could see an iron imp.

Vanquished Creatures
  2 iron imps (D:3)
  2 adders (D:3)
  A worm (D:2)
  2 dart slugs (D:1)
  3 orcs (D:3)
  2 ball pythons
  7 bats
  7 endoplasms
  A giant cockroach (D:2)
  6 goblins
  6 hobgoblins
  6 jackals
  5 kobolds
  A quokka (D:2)
  6 rats
57 creatures vanquished.

Notes
Turn   | Place    | Note
-------+----------+-------------------------------------------
     0 | D:1      | MylesGorder the Minotaur Fighter began the quest for the
                  | Orb.
     0 | D:1      | Reached XP level 1. HP: 19/19 MP: 0/0
   123 | D:1      | Reached XP level 2. HP: 27/27 MP: 1/1
   416 | D:1      | Found a faded altar of an unknown god.
   901 | D:2      | Reached XP level 3. HP: 31/33 MP: 2/2
  1042 | D:2      | Found Jyidwug's General Store.
  1104 | D:2      | Found a burning altar of Makhleb.
  1620 | D:2      | Identified the +2 leather armour of the Game of Life {Int+4
                  | Dex-5 SInv}
  1914 | D:3      | Reached XP level 4. HP: 36/40 MP: 3/3
  2289 | D:3      | Found a burning altar of Makhleb.
  2320 | D:3      | Reached XP level 5. HP: 9/47 MP: 4/4
  2321 | D:3      | Slain by an iron imp

Illustrated notes

Levels and vault maps discovered:
D:1:      mrwooster_arrival_statue_3, layout_basic, serial_glass,
          glass_columns_b, glass_columns_a,
          dreamdust_ecumenical_altar_angels_and_demons
D:2:      layout_loops_ring, basic_altar, serial_shops, shop
D:3:      layout_basic, demons_altar

Skill      XL: |  1  2  3  4 |
---------------+-------------+-----
Shields        | 4 |  4.3
Fighting       | 4 |  4.4
Armour         | 4 |  4.7
Axes           | 3 4 |  4.3
Stealth        | |  0.1

Action                   |  1- 3 |  4- 6 || total
-------------------------+-------+-------++-------
Melee: War axe           |    79 |    32 ||   111
       Headbutt          |    12 |     1 ||    13
Armor: Scale mail        |    42 |    13 ||    55
Dodge: Dodged            |    43 |    21 ||    64
Block: Buckler           |    20 |    10 ||    30

Table legend: (Time is in decaauts)
 A = Elapsed time spent in this place.
 B = Non-inter-level travel time spent in this place.
 C = Inter-level travel time spent in this place.
 D = Time resting spent in this place.
 E = Time spent auto-exploring this place.
 F = Levels seen in this place.
 G = Mean time per level.
                   A        B        C        D        E       F      G
               +--------+--------+--------+--------+--------+-----+--------+
         Total |   2361 |   2284 |     77 |      0 |   1838 |   3 |  787.0 |
       Dungeon |   2361 |   2284 |     77 |      0 |   1838 |   3 |  787.0 |
               +--------+--------+--------+--------+--------+-----+--------+

Top non-repeatable levels by time:
     D:2: 942 daAuts
     D:1: 825 daAuts
     D:3: 593 daAuts
